Map: Orbital Shipyard

Players

Muon

  • Race: Protoss Protoss
  • League: Silver

Grumm - Winner!

  • Race: Zerg Zerg
  • League: Gold

VOD

Have the link to the VOD?

Description

Time

  • Played on: Jan. 23, 2016, 3:53 p.m.
  • Length: 13:45
Show
View Real Time Build Order
Export as new Build Order

Muon Protoss 

Build Orders: 1 Gate Expand 

Get SALT Encoding   

  12  0:01  Probe (Chrono Boost)  
  13  0:12  Probe (Chrono Boost)  
  14  0:19  Pylon  
  14  0:22  Probe (Chrono Boost)  
  15  0:37  Probe (Chrono Boost)  
  15  0:41  Gateway  
  16  0:47  Probe (Chrono Boost)  
  17  0:58  Probe (Chrono Boost)  
  17  1:08  Probe (Chrono Boost)  
  18  1:13  Pylon  
  18  1:19  Probe (Chrono Boost)  
  19  1:30  Nexus  
  19  1:39  Forge  
  19  1:50  Cybernetics Core  
  19  1:52  Probe (Chrono Boost)  
  20  1:59  Zealot  
  22  2:05  Probe (Chrono Boost)  
  22  2:08  Assimilator  
  23  2:12  Assimilator  
  23  2:24  Photon Cannon  
  22  2:30  Zealot  
  24  2:41  Probe (Chrono Boost)  
  25  2:44  Probe (Chrono Boost)  
  25  2:49  Warp Gate (Chrono Boost)  
  26  2:51  Probe (Chrono Boost)  
  26  2:53  Probe (Chrono Boost)  
  28  3:02  Pylon  
  28  3:03  Probe  
  28  3:04  Probe  
  30  3:14  Probe  
  30  3:15  Mothership Core  
  33  3:27  Robotics Facility  
  33  3:30  Gateway  
  33  3:34  Pylon  
  33  3:35  Probe  
  33  3:38  Probe  
  35  3:45  Probe  
  36  3:55  Stalker  
  38  3:56  Probe  
  38  3:57  Probe  
  38  4:02  Pylon  
  40  4:04  Assimilator  
  40  4:10  Gateway  
  40  4:13  Protoss Ground Weapons Level 1 (Chrono Boost)  
  40  4:15  Observer  
  41  4:23  Stalker  
  43  4:28  Probe, Stalker  
  43  4:30  Probe  
  47  4:33  Assimilator  
  47  4:39  Probe  
  47  4:43  Observer  
  49  5:00  Gateway x2  
  49  5:04  Gateway  
  49  5:08  Pylon  
  49  5:13  Stalker x2  
  53  5:15  Stalker  
  55  5:27  Probe  
  55  5:28  Probe  
  57  5:35  Twilight Council  
  57  5:38  Pylon  
  57  5:59  Protoss Ground Armor Level 1 (Chrono Boost)  
  56  6:04  Stalker x3  
  56  6:07  Observer  
  63  6:12  Probe  
  63  6:13  Pylon  
  63  6:14  Probe  
  63  6:17  Pylon  
  65  6:18  Stalker  
  65  6:19  Stalker x2  
  65  6:23  Probe  
  72  6:26  Probe  
  72  6:28  Blink  
  73  6:39  Zealot  
  75  6:40  Zealot x2  
  79  6:54  Robotics Bay  
  59  7:12  Probe  
  59  7:14  Probe  
  60  7:23  Probe  
  60  7:26  Probe  
  62  7:33  Probe  
  63  7:38  Probe  
  64  7:44  Probe  
  64  7:49  Nexus  
  64  7:50  Probe  
  66  7:53  Pylon  
  66  7:54  Probe  
  67  7:59  Sentry  
  67  8:00  Sentry x3  
  67  8:02  Probe  
  67  8:03  Stalker  
  67  8:05  Probe  
  79  8:14  Probe  
  80  8:50  Pylon  
  80  9:15  Pylon  
  80  9:19  Stalker x3  
  80  9:20  Stalker x3  
  90  9:51  Stalker x4  
  90  9:52  Stalker x2  
  102  9:59  Photon Cannon  
  102  10:09  Probe x2  
  102  10:10  Probe  
  105  10:17  Protoss Ground Weapons Level 2 (Chrono Boost)  
  105  10:20  Stalker, Probe x2  
  105  10:21  Stalker x4  
  109  10:22  Probe, Stalker  
  109  10:28  Disruptor (Chrono Boost)  
  123  10:30  Probe  
  123  10:32  Probe  
  123  10:35  Probe  
  124  10:37  Assimilator x2  
  124  10:49  Pylon  
  124  10:52  Pylon  
  124  10:55  Pylon  
  124  11:00  Disruptor (Chrono Boost)  
  127  11:10  Stalker  
  127  11:11  Stalker x5  
  139  11:23  Stargate  
  139  11:28  Probe  
  139  11:30  Probe x2  
  142  11:36  Disruptor (Chrono Boost)  
  145  11:51  Probe  
  145  11:52  Probe x2  
  148  12:01  Stalker x2  
  148  12:02  Stalker x2  
  148  12:08  Pylon  
  156  12:20  Pylon  
  156  12:26  Disruptor (Chrono Boost)  
  159  12:36  Stalker x2  
  159  12:37  Stalker x4  
Show
View Real Time Build Order
Export as new Build Order

Grumm Zerg - Winner!

Build Orders: Pool First, Lurkers 

Get SALT Encoding   

  12  0:01  Drone  
  13  0:11  Drone  
  14  0:20  Overlord  
  14  0:25  Extractor  
  14  0:26  Drone  
  15  0:40  Spawning Pool  
  15  0:41  Drone  
  15  0:49  Drone x2  
  17  1:06  Drone  
  17  1:09  Extractor  
  17  1:22  Hatchery  
  16  1:28  Queen  
  16  1:32  Zergling x2  
  19  1:35  Zergling x2  
  20  1:42  Overlord  
  20  1:49  Extractor  
  20  2:01  Drone x2  
  22  2:15  Drone x2  
  22  2:19  Lair  
  23  2:29  Drone  
  24  2:40  Zergling x4  
  26  2:46  Drone  
  27  3:06  Drone  
  27  3:07  Drone x2, Queen  
  27  3:09  Overlord  
  27  3:10  Overlord  
  32  3:17  Hydralisk Den  
  31  3:22  Overlord  
  31  3:25  Drone x3  
  34  3:39  Evolution Chamber  
  33  3:43  Spine Crawler  
  32  3:51  Spine Crawler  
  30  4:02  Nydus Network  
  30  4:05  Drone  
  30  4:06  Drone x6  
  36  4:13  Extractor  
  36  4:16  Extractor  
  34  4:23  Spore Crawler  
  33  4:26  Spore Crawler  
  33  4:27  Drone  
  33  4:28  Drone x2  
  35  4:40  Zerg Missile Weapons Level 1  
  35  4:46  Queen  
  37  4:56  Hydralisk  
  37  4:57  Hydralisk x2  
  43  5:11  Drone x5  
  48  5:20  Drone x3  
  48  5:21  Drone  
  52  5:31  Metabolic Boost  
  52  5:34  Lurker Den  
  52  5:42  Drone x3  
  55  5:45  Overlord  
  55  6:11  Infestation Pit  
  55  6:12  Hydralisk  
  55  6:13  Hydralisk x4  
  64  6:26  Overlord  
  64  6:29  Zergling x2  
  64  6:30  Zergling x4  
  67  6:37  Nydus Canal  
  67  6:51  Swarm Host x2  
  67  7:15  Hydralisk  
  67  7:16  Hydralisk x3  
  75  7:33  Hatchery  
  74  7:52  Hive  
  74  7:55  Roach Warren  
  73  7:59  Drone x3  
  76  8:21  Overlord x3  
  76  8:22  Overlord x2  
  75  8:58  Lurker  
  75  8:59  Lurker  
  75  9:02  Hydralisk  
  77  9:03  Hydralisk x9  
  77  9:05  Lurker  
  77  9:06  Lurker  
  99  9:19  Zergling x6  
  99  9:20  Zergling x2  
  103  9:25  Ultralisk Cavern  
  90  9:51  Lurker x4  
  90  9:52  Hydralisk  
  94  9:53  Hydralisk x4  
  94  9:57  Overseer  
  104  10:06  Drone  
  106  10:07  Drone  
  106  10:17  Extractor  
  106  10:21  Ultralisk, Extractor  
  111  10:24  Zergling x14  
  111  10:25  Zergling x4  
  119  11:04  Overlord x2  
  119  11:05  Overlord  
  119  11:06  Zergling x6  
  122  11:21  Overlord x2  
  122  11:23  Chitinous Plating  
  122  11:27  Zerg Melee Weapons Level 1  
  122  11:46  Muscular Augments  
  122  11:47  Adrenal Glands  
  122  11:53  Evolution Chamber x2  
  120  12:02  Hatchery, Ultralisk  
  120  12:03  Ultralisk x2  
  137  12:11  Nydus Canal  
  131  13:08  Zergling x2  
  131  13:09  Zergling x38  
  131  13:10  Zergling x16  
Tags
 
Add a new tag
Caveats
  • Supply blocks, unpowered buildings, or Contaminate may cause inaccurate times.
  • Supply counts are checked every 10 seconds.